 Dungeon Crawl Stone Soup version 0.26-a0-597-gb535b0901c (webtiles) character file.

Game seed: 7580597598176422852

597 Fingolfin the Skirmisher (level 7, -2/75 HPs)
             Began as a Troll Monk on Sept 7, 2020.
             Slain by a wyvern (5 damage)
             ... on level 5 of the Dungeon.
             The game lasted 00:07:53 (3478 turns).

Fingolfin the Skirmisher (Troll Monk)               Turns: 3478, Time: 00:07:53

Health: -2/75      AC:  6    Str: 20    XL:     7   Next: 17%
Magic:  6/6        EV: 10    Int:  8    God:
Gold:   323        SH:  0    Dex: 12    Spells: 4/6 levels left

rFire    . . .     SeeInvis .   n - +1 whip (venom)
rCold    . . .     Faith    .   (no shield)
rNeg     . . .     Spirit   .   b - +0 robe
rPois    .         Reflect  .   (helmet restricted)
rElec    .         Harm     .   (no cloak)
rCorr    .                      (gloves unavailable)
MR       .....                  (boots unavailable)
Stlth    ++........             g - amulet of regeneration
HPRegen  1.02/turn              (no ring)
MPRegen  0.10/turn              (no ring)

@: flying
A: large, unfitting armour, claws 3, regeneration 1, shaggy fur 1, tough skin 3
a: no special abilities


You were on level 5 of the Dungeon.
You visited 1 branch of the dungeon, and saw 5 of its levels.

You collected 323 gold pieces.

Inventory:

Hand Weapons
 a - a +0 mace
 n - a +1 whip of venom (weapon)
Missiles
 d - 68 stones (quivered)
 i - 8 poisoned darts
 q - 2 datura-tipped darts
Armour
 b - a +0 robe (worn)
Jewellery
 g - an amulet of regeneration (around neck)
 h - an uncursed ring of protection from fire {unknown}
 o - an uncursed ring of protection from fire {unknown}
Scrolls
 c - 4 scrolls of fear {unknown}
 e - 4 scrolls of identify {unknown}
 f - 4 scrolls of amnesia {unknown}
 k - 4 scrolls of remove curse {unknown}
 l - a scroll of random uselessness {unknown}
 m - a scroll of magic mapping {unknown}
 t - a scroll of noise {unknown}
Potions
 p - a potion of cancellation {unknown}
 r - a potion of ambrosia {unknown}
 s - a potion of magic {unknown}


   Skills:
 - Level 6.0 Fighting
 + Level 4.6 Maces & Flails
 - Level 2.4 Dodging
 - Level 1.0 Stealth


You had 4 spell levels left.
You knew the following spells:

 Your Spells              Type           Power        Failure   Level
a - Animate Skeleton      Necr           #.....       41%         1
t - Apportation           Tloc           #.....       41%         1

Your spell library contained the following spells:

 Spells                   Type           Power        Failure   Level
 Corona                   Hex            #......      41%         1
 Summon Small Mammal      Summ           #...         41%         1


Dungeon Overview and Level Annotations

Branches:
Dungeon (5/15)
 Temple: D:4-7

Altars:
Qazlal

Portals:
Abyss: D:4

Annotations:
D:4 2 transporters, KennyOmg's ghost, amateur MiBe


Innate Abilities, Weirdness & Mutations

You are too large for most types of armour.
You have claws for hands.
Your natural rate of healing is unusually fast.
You are covered in fur. (AC +1)
You have extremely tough skin. (AC +3)


Message History

The wyvern bites you!
You closely miss the wyvern.
The wyvern is lightly wounded.
The wyvern bites you. The wyvern bites you!
You barely miss the wyvern.
The wyvern is moderately wounded.
The wyvern bites you!
You closely miss the wyvern.
The wyvern is moderately wounded.
The wyvern bites you!
* * * LOW HITPOINT WARNING * * *
The wyvern barely misses you.
You hit the wyvern.
The wyvern looks as sick as possible!
The wyvern is heavily wounded.
The wyvern bites you!
* * * LOW HITPOINT WARNING * * *
It was a potion of flight.
You feel very buoyant.
You fly up into the air.
The wyvern closely misses you. The wyvern bites you.
You die...

#.....##....####......
.##............# ###†...
..#.......###..###......
. .........###...........
.........................
...#.....#..............
##.#.....####...........
##.......................
#.....##@.###........#.#.
..#...l..##.......####. <
##<...####....... .
#....... #.........
#...#..... ##..#.....
......... #... ....


You could see a wyvern (extremely poisoned).

Vanquished Creatures
  An ogre (D:5)
  A scorpion (D:4)
  A hound (D:4)
  3 orc priests
  2 bullfrog skeletons
  3 orc wizards
  6 gnolls
  3 adders
  An ooze (D:4)
  2 adder skeletons (D:5)
  2 worms
  A dart slug (D:2)
  3 leopard geckos
  16 orcs
  3 ball pythons
  6 bats
  3 giant cockroaches
  9 goblins (D:1)
  9 hobgoblins
  6 kobolds
  2 quokkas
  9 frilled lizards
  A jackal skeleton (D:4)
  A jackal zombie (D:5)
  A quokka zombie (D:5)
  5 rats
100 creatures vanquished.

Vanquished Creatures (others)
  7 fungi (D:2)
  4 toadstools (D:2)
11 creatures vanquished.

Grand Total: 111 creatures vanquished

Notes
Turn   | Place    | Note
-------+----------+-------------------------------------------
     0 | D:1      | Fingolfin the Troll Monk began the quest for the Orb.
     0 | D:1      | Reached XP level 1. HP: 22/22 MP: 0/0
   125 | D:1      | Reached skill level 3 in Fighting
   125 | D:1      | Reached XP level 2. HP: 30/31 MP: 1/1
   476 | D:1      | Reached XP level 3. HP: 14/37 MP: 2/2
   859 | D:2      | Reached skill level 4 in Fighting
   936 | D:2      | Reached XP level 4. HP: 45/48 MP: 3/3
  1506 | D:3      | Reached XP level 5. HP: 52/55 MP: 4/4
  1596 | D:3      | Reached skill level 5 in Fighting
  2222 | D:4      | Found a transporter.
  2228 | D:4      | Noticed KennyOmg's ghost (amateur MiBe)
  2261 | D:4      | Noticed a small abomination
  2264 | D:4      | Found a transporter.
  2294 | D:4      | Reached XP level 6. HP: 54/66 MP: 5/5
  2571 | D:4      | Found a one-way gate to the infinite horrors of the Abyss.
  2969 | D:5      | Entered Level 5 of the Dungeon
  2995 | D:4      | Reached skill level 6 in Fighting
  3254 | D:5      | Learned a level 1 spell: Apportation
  3256 | D:5      | Learned a level 1 spell: Animate Skeleton
  3297 | D:5      | Found a stormy altar of Qazlal.
  3369 | D:5      | Reached XP level 7. HP: 15/75 MP: 6/6
  3466 | D:5      | Noticed a wyvern
  3477 | D:5      | HP: 2/75 [wyvern (15)]
  3478 | D:5      | Slain by a wyvern

Illustrated notes

Levels and vault maps discovered:
D:1:      dpeg_arrival_rhombi, layout_basic
D:2:      layout_loops_ring, minmay_gold_behind_fungi
D:3:      layout_basic
D:4:      layout_rooms, gammafunk_ghost_abyssal_escape, serial_co_window_serial,
          co_window_paths_a, co_window_paths_a, co_window_paths_a,
          co_window_of_opportunity_a, co_window_of_opportunity_a,
          co_window_of_opportunity_a, co_window_paths_b, co_window_paths_a,
          co_window_of_opportunity_a, co_window_2corner, co_window_cross_4,
          co_window_of_opportunity_b, co_window_4corner_a, co_window_sun,
          glass_columns_a, glass_columns_c, glass_columns_a, glass_columns_b,
          glass_columns_a
D:5:      layout_cave_pools, lemuel_round_altar

Skill      XL: |  1  2  3  4  5  6 |
---------------+-------------------+-----
Fighting       | 3 4 5 6 |  6.0
Maces & Flails | 4 |  4.6
Dodging        | |  2.4
Stealth        | |  1.0

Action                   |  1- 3 |  4- 6 |  7- 9 || total
-------------------------+-------+-------+-------++-------
Melee: Mace              |   102 |    94 |       ||   196
       Whip              |       |   178 |    18 ||   196
  Use: Potion            |       |       |     1 ||     1
 Stab: Sleeping          |     4 |     2 |       ||     6
Armor: Robe              |    38 |    98 |     3 ||   139
Dodge: Dodged            |    76 |   185 |     6 ||   267

Table legend: (Time is in decaauts)
 A = Elapsed time spent in this place.
 B = Non-inter-level travel time spent in this place.
 C = Inter-level travel time spent in this place.
 D = Time resting spent in this place.
 E = Time spent auto-exploring this place.
 F = Levels seen in this place.
 G = Mean time per level.
                   A        B        C        D        E       F      G
               +--------+--------+--------+--------+--------+-----+--------+
         Total |   3528 |   3358 |    170 |    133 |   2280 |   5 |  705.6 |
       Dungeon |   3528 |   3358 |    170 |    133 |   2280 |   5 |  705.6 |
               +--------+--------+--------+--------+--------+-----+--------+

Top non-repeatable levels by time:
     D:4: 1149 daAuts
     D:2: 855 daAuts
     D:1: 675 daAuts
     D:3: 511 daAuts
     D:5: 336 daAuts
